 Dungeon Crawl Stone Soup version 0.28-a0-1202-g1e6f1b2279 (webtiles) character file.

Game seed: 1343998126072761568

12786 ChaosChampion the Grappler (level 11, 0/95 HPs)
             Began as a Red Draconian Transmuter on Dec 20, 2021.
             Was a High Priest of Okawaru.
             Slain by a death yak (17 damage)
             ... in an ice cave.
             The game lasted 00:20:38 (12163 turns).

ChaosChampion the Grappler (DrTm)                  Turns: 12163, Time: 00:20:39

Health: 0/95       AC:  7    Str: 12    XL:     11   Next: 67%
Magic:  16/17      EV: 14    Int: 19    God:    Okawaru [*****.]
Gold:   670        SH:  0    Dex: 11    Spells: 12/18 levels left

rFire   + + .      SeeInvis .     - Unarmed
rCold   + + .      Faith    .   (no shield)
rNeg    . . .      Spirit   .   (armour unavailable)
rPois   +          Reflect  .   (helmet currently unavailable)
rElec   .          Harm     .   c - scarf {rC+ rF+}
rCorr   .          Rampage  .   (no gloves)
Will    .....                   (boots currently unavailable)
Stlth   +.........              (no amulet)
HPRegen 1.85/turn               a - +4 ring of slaying
MPRegen 0.15/turn               B - ring of protection from cold

@: short of breath, appendages (expiring), wereblooded, frozen, hasted, quick
A: talons 2, breathe fire, AC +7, unfitting armour, fire resistance 1,
cold-blooded, horns 1, poison resistance, regeneration 2
a: Breathe Fire, End Transformation, Renounce Religion, Heroism, Finesse, Duel


You were in an ice cave.
You worshipped Okawaru.
Okawaru was extremely pleased with you.
You had temporarily grown beastly talons.
You visited 1 branch of the dungeon, and saw 12 of its levels.
You also visited: Ice Cave.

You collected 696 gold pieces.
You spent 26 gold pieces at shops.

Inventory:

Hand Weapons
 x - a +2 spectral quarterstaff
 F - a +3 trident of venom
Armour
 c - a scarf of resistance (worn)
 l - a +1 pair of boots (melded)
Jewellery
 a - a +4 ring of slaying (left hand)
 o - a ring of resist corrosion
 B - a ring of protection from cold (right hand)
Wands
 m - a wand of polymorph (11)
 z - a wand of iceblast (13)
 C - a wand of paralysis (6)
 D - a wand of digging (9)
 E - a wand of flame (15)
Scrolls
 b - 2 scrolls of noise
 d - 7 scrolls of teleportation
 f - 6 scrolls of identify
 h - 2 scrolls of brand weapon
 k - a scroll of blinking {unknown}
 r - a scroll of amnesia {unknown}
 s - 4 scrolls of enchant armour
 t - 2 scrolls of fog {unknown}
 v - a scroll of enchant weapon {unknown}
 y - a scroll of torment {unknown}
 A - a scroll of vulnerability {unknown}
Potions
 e - 7 potions of curing
 g - 2 potions of lignification
 i - 2 potions of attraction
 j - 2 potions of brilliance
 n - 2 potions of might
 p - a potion of flight
 w - a potion of resistance
 G - a potion of cancellation {unknown}
 H - a potion of magic {unknown}


   Skills:
 + Level 8.4 Fighting
 + Level 7.1 Dodging
 * Level 12.2 Unarmed Combat
 - Level 4.0 Spellcasting
 + Level 8.5 Transmutations
 - Level 3.0 Poison Magic
 + Level 3.3 Invocations


You had 12 spell levels left.
You knew the following spells:

 Your Spells              Type           Power      Damage    Failure   Level
a - Beastly Appendage     Tmut           72%        N/A       1%          1
b - Wereblood             Tmut           36%        N/A       1%          2
c - Spider Form           Tmut/Pois      25%        N/A       3%          3

Your spell library contained the following spells:

 Spells                   Type           Power      Damage    Failure   Level
 Passwall                 Tmut/Erth      16%        N/A       3%          2
 Sandblast                Erth           6%         2d5       14%         1
 Ice Form                 Ice/Tmut       20%        N/A       24%         4
 Stone Arrow              Conj/Erth      6%         3d7       38%         3
 Swiftness                Air            3%         N/A       38%         3
 Borgnjor's Vile Clutch   Necr/Erth      1%         N/A       98%         5
 Animate Dead             Necr           Unusable   N/A       N/A         4
 Death Channel            Necr           Unusable   N/A       N/A         6

Dungeon Overview and Level Annotations

Branches:
Dungeon (12/15)            Temple (0/1) D:7            Lair (0/6) D:9
  IceCv (1/1)
    Orc: D:9-12

Altars:
Ashenzari
Cheibriados
Gozag
Kikubaaqudgha
Nemelex Xobeh
Okawaru
Qazlal
Ru
Sif Muna
Trog
Uskayaw
Wu Jian
Zin

Shops:
D:4 [   D:5 *   D:7 ?   D:12 =


Innate Abilities, Weirdness & Mutations

You have temporarily grown beastly talons.
You can breathe blasts of fire.
Your fiery red scales are hard. (AC +7)
You cannot fit into any form of body armour.
Your flesh is heat resistant. (rF+)
You are cold-blooded and may be slowed by cold attacks.
You have a pair of small horns on your head.
Your system is resistant to poisons. (rPois)
You heal very quickly.


Message History

The ice encasing you melts away.
Aiming: Breathe Fire (3% risk of failure)
Press: ? - help, Q - select action, (/) - cycle Shift-Dir - straight line You breathe a blast of fire.
The fiery breath hits the yak!
The yak is moderately wounded.
Your transformation is almost over.
The yak is engulfed in blazing flames.
The rime drake breathes ice at you. The flash freeze hits you!
You partially resist.
You are encased in ice.
You hit the death yak but do no damage. Your kick misses the death yak.
The death yak is lightly wounded.
The yak gores you!
The death yak is engulfed in blazing flames.
The death yak closely misses you. The rime drake barely misses you.
You punch the yak! You claw the yak, but do no damage. You headbutt the yak.
You feel a bit better.
You kill the yak!
Okawaru accepts your kill.
You hit the death yak. You claw the death yak! You tail-slap the death yak.
The death yak is heavily wounded.
The rime drake barely misses you.
The death yak is engulfed in blazing flames.
The death yak gores you!!
* * * LOW HITPOINT WARNING * * *
You feel much better. The rime drake bites you.
The death yak is engulfed in blazing flames.
The death yak gores you!!
* * * LOW HITPOINT WARNING * * *
The rime drake bites you but does no damage.
You feel yourself speed up. The ice encasing you melts away.
The death yak is engulfed in blazing flames.
The death yak gores you but does no damage.
The rime drake breathes ice at you. The flash freeze hits you!
You partially resist.
* * * LOW HITPOINT WARNING * * *
You are encased in ice.
You feel better. The death yak gores you!
You die...

#.†##
#...##
##†..##
##...#
##...#
#..h##
##††.##
##..kY.##
#...∩@..#
#.......#
##..∩..##
##...##
#####


You could see a death yak, a polar bear and a rime drake (catching breath).

Vanquished Creatures
  A hydra (D:11)
  Erica (D:11)
  2 two-headed ogres (D:10)
  A manticore (D:11)
  Maggie (D:10)
  2 gargoyles
  A rime drake (IceCv)
  A kobold demonologist (D:10)
  2 trolls
  2 polar bears (IceCv)
  A hornet (D:9)
  Sigmund (D:6)
  2 shadows
  A wraith (D:10)
  12 yaks
  2 vampires
  2 steam dragons
  Edmund (D:6)
  An acid dragon (D:9)
  4 water moccasins
  4 orc warriors
  A sky beast (D:7)
  2 ice beasts
  3 black bears
  An ogre (D:6)
  2 wolves (IceCv)
  2 centaurs
  A phantom (D:5)
  Blork the orc (D:6)
  A gnoll sergeant (D:10)
  6 bullfrogs
  8 scorpions
  2 wyvern skeletons (D:7)
  6 killer bees
  6 wights (D:8)
  A howler monkey (D:8)
  2 centaur zombies
  2 hounds (D:5)
  A centaur skeleton (D:4)
  4 orc priests
  3 bullfrog skeletons
  2 jellies (D:5)
  Jessica (D:2)
  A gnoll shaman (D:5)
  Natasha (D:2)
  10 orc wizards
  A killer bee zombie (D:9)
  A hound skeleton (D:5)
  A howler monkey zombie (D:5)
  10 gnolls
  3 adders
  A shadow imp (D:5)
  13 white imps
  An ufetubus (D:4)
  3 dart slugs
  32 orcs
  2 ball pythons
  3 bats
  8 endoplasms
  3 giant cockroaches
  17 goblins
  13 hobgoblins
  A quokka (D:4)
  2 frilled lizards
  14 kobolds
  6 rats
250 creatures vanquished.

Vanquished Creatures (others)
  9 fungi
  4 plants (D:1)
  5 toadstools (D:1)
18 creatures vanquished.

Grand Total: 268 creatures vanquished

Notes
Turn   | Place    | Note
-------+----------+-------------------------------------------
     0 | D:1      | ChaosChampion the Draconian Transmuter began the quest for
                  | the Orb.
     0 | D:1      | Reached XP level 1. HP: 16/16 MP: 3/3
   173 | D:1      | Reached XP level 2. HP: 20/23 MP: 5/5
   307 | D:1      | Learned a level 2 spell: Wereblood
   545 | D:1      | Reached XP level 3. HP: 20/28 MP: 6/6
   648 | D:1      | Found a faded altar of an unknown god.
  1052 | D:2      | Noticed Jessica
  1058 | D:2      | Killed Jessica
  1059 | D:2      | Reached skill level 4 in Unarmed Combat
  1536 | D:2      | Noticed Natasha
  1552 | D:2      | Killed Natasha
  1553 | D:2      | Reached XP level 4. HP: 19/35 MP: 4/7
  2013 | D:3      | Found a glowing silver altar of Zin.
  2016 | D:3      | Noticed a black bear
  2373 | D:4      | Found a shimmering blue altar of Sif Muna.
  2378 | D:4      | Learned a level 3 spell: Spider Form
  2385 | D:3      | Killed a black bear
  2386 | D:3      | Reached skill level 5 in Unarmed Combat
  2386 | D:3      | Reached XP level 5. HP: 21/40 MP: 1/8
  2723 | D:3      | Found an iron altar of Okawaru.
  2747 | D:3      | Became a worshipper of Warmaster Okawaru
  3008 | D:4      | Found an ornate altar of the Wu Jian Council.
  3175 | D:4      | Reached XP level 6. HP: 39/47 MP: 6/9
  3378 | D:4      | Found a sparkling altar of Nemelex Xobeh.
  3489 | D:4      | Found a stormy altar of Qazlal.
  3489 | D:4      | Found a bloodstained altar of Trog.
  3508 | D:4      | Found Ywytuweh's Armour Shop.
  3726 | D:5      | Entered Level 5 of the Dungeon
  3727 | D:5      | Noticed a water moccasin
  4105 | D:5      | Found an opulent altar of Gozag.
  4108 | D:5      | Found Gozag's Platinum Reserve.
  4144 | D:5      | Reached skill level 6 in Unarmed Combat
  4144 | D:5      | Reached skill level 1 in Poison Magic
  4286 | D:5      | Your scales start taking on a fiery red colour.
  4286 | D:5      | Reached XP level 7. HP: 29/55 MP: 4/10
  4286 | D:5      | Gained mutation: Your flesh is heat resistant. (rF+) [Red
                  | Draconian growth]
  4700 | D:5      | Reached * piety under Okawaru
  5064 | D:5      | Noticed a +0 spear
  5064 | D:5      | Noticed a +0 falchion
  5067 | D:5      | Noticed a +0 short sword
  5067 | D:5      | Noticed a +0 dagger
  5067 | D:5      | Noticed a +0 spear
  5067 | D:5      | Noticed a +0 short sword
  5068 | D:5      | Noticed a +0 dagger
  5069 | D:5      | Found a hide-covered altar of Uskayaw.
  5069 | D:5      | Noticed a +0 falchion
  5097 | D:5      | Reached ** piety under Okawaru
  5140 | D:5      | Reached XP level 8. HP: 59/63 MP: 12/12
  5210 | D:5      | Reached skill level 7 in Unarmed Combat
  5504 | D:5      | Found a broken altar of Ashenzari.
  5779 | D:6      | Reached skill level 5 in Transmutations
  5853 | D:6      | Reached *** piety under Okawaru
  6189 | D:6      | Noticed Edmund
  6196 | D:6      | Killed Edmund
  6422 | D:6      | Noticed Blork the orc
  6432 | D:6      | Killed Blork the orc
  6433 | D:6      | Reached skill level 8 in Unarmed Combat
  6433 | D:6      | Reached XP level 9. HP: 67/71 MP: 10/15
  6438 | D:6      | Identified the +2 leather armour of Ligott {Int+4 Dex+4}
  6599 | D:6      | Noticed Sigmund
  6607 | D:6      | Killed Sigmund
  7205 | D:7      | Found Tuanluvin's Magic Scroll Emporium.
  7208 | D:7      | Bought a scroll of identify for 26 gold pieces
  7635 | D:7      | Reached skill level 5 in Fighting
  7922 | D:7      | Reached **** piety under Okawaru
  8248 | D:7      | Reached skill level 9 in Unarmed Combat
  8329 | D:7      | Found a staircase to the Ecumenical Temple.
  8804 | D:8      | Reached skill level 5 in Dodging
  9140 | D:8      | Reached ***** piety under Okawaru
  9418 | D:8      | Reached XP level 10. HP: 83/83 MP: 14/16
  9692 | D:9      | Noticed a gargoyle
  9701 | D:9      | Killed a gargoyle
 10024 | D:8      | Gained mutation: You are clumsy. (Dex -2) [potion of
                  | mutation]
 10024 | D:8      | Gained mutation: Your natural rate of healing is unusually
                  | fast. [potion of mutation]
 10096 | D:9      | Found a staircase to the Lair.
 10120 | D:9      | Reached skill level 10 in Unarmed Combat
 10128 | D:9      | Paralysed by a hornet for 1 turns
 10259 | D:9      | Found a snail-covered altar of Cheibriados.
 10475 | D:9      | Found an ancient bone altar of Kikubaaqudgha.
 10497 | D:9      | Received a gift from Okawaru
 10616 | D:9      | Identified the +0 leather armour of Qadd {rPois rF+ rC-
                  | rCorr}
 10714 | D:10     | Entered Level 10 of the Dungeon
 10946 | D:10     | Reached skill level 11 in Unarmed Combat
 11056 | D:10     | Noticed a two-headed ogre
 11090 | D:10     | Killed a two-headed ogre
 11146 | D:9      | Reached XP level 11. HP: 74/92 MP: 17/17
 11255 | D:10     | Noticed a two-headed ogre
 11263 | D:10     | Killed a two-headed ogre
 11264 | D:10     | Reached skill level 1 in Invocations
 11326 | D:10     | Noticed Maggie
 11338 | D:10     | Killed Maggie
 11342 | D:10     | Lost mutation: You are clumsy. (Dex -2) [potion of
                  | mutation]
 11342 | D:10     | Gained mutation: Your system is resistant to poisons.
                  | (rPois) [potion of mutation]
 11342 | D:10     | Gained mutation: You heal very quickly. [potion of
                  | mutation]
 11342 | D:10     | Gained mutation: You have a pair of large horns on your
                  | head. [potion of mutation]
 11482 | D:10     | Found a sacrificial altar of Ru.
 11586 | D:11     | Noticed a four-headed hydra
 11595 | D:11     | Killed a four-headed hydra
 11648 | D:11     | Received a gift from Okawaru
 11909 | D:11     | Noticed Erica
 11919 | D:11     | Killed Erica
 12041 | D:11     | You fall into a shaft and drop 1 floor!
 12044 | D:12     | Found a frozen archway.
 12072 | D:12     | Found Folanoxa's Jewellery Shoppe.
 12104 | IceCv    | Entered an ice cave
 12116 | IceCv    | Reached skill level 12 in Unarmed Combat
 12143 | IceCv    | Noticed a death yak
 12163 | IceCv    | Slain by a death yak

Illustrated notes

Levels and vault maps discovered:
D:1:      dpeg_arrival_arbitrary_b, layout_rooms,
          shapermc_ecumenical_altar_mp_ritualfount, minmay_gold_behind_fungi,
          chequers_serial_rivers_large_b, minmay_misc_feat_five
D:2:      layout_basic, moated_statue, chequers_serial_rivers_room_b,
          uniq_natasha, uniq_jessica
D:3:      layout_rooms, mainiacjoe_overflow_alcove_4, overflow_temple_1_default,
          kennysheep_crisscross
D:4:      layout_loops_corners, mainiacjoe_overflow_chevrons,
          nemelex_xobeh_ov_fountains_minmay,
          mainiacjoe_overflow_concentric_impassable,
          amethyst_overflow_temple_binary, serial_shops, shop
D:5:      nicolae_cairo_tiling_large, layout_basic, nicolae_uskayaw_en_pointe,
          mainiacjoe_overflow_24_doors, nicolae_gozag_zags_fifth_avenue
D:6:      corexii_shantytown, layout_rooms, uniq_blork_the_orc, uniq_edmund,
          uniq_sigmund
D:7:      layout_basic, minmay_temple_entry_poolview, serial_shops,
          nicolae_stop_n_shop_2
D:8:      layout_basic, serial_park_tiny_1
D:9:      layout_roguey, mainiacjoe_overflow_brackets, lemuel_doored_altar,
          dpeg_oklobed_lair
D:10:     layout_roguey, mainiacjoe_overflow_alcove_2, st_stairs_14, uniq_maggie
D:11:     layout_gridville, minmay_crystal_room, uniq_erica
D:12:     minmay_expanding_circles, layout_grid_maze, hiddenorc1_lemuel,
          serial_shops, nicolae_shop_hallway_stairs, portal_ice_cave_entry_imps
IceCv:    ice_cave_small_giant

Skill      XL: |  1  2  3  4  5  6  7  8  9 10 11 |
---------------+----------------------------------+-----
Unarmed Combat | 4 5 6 8 9 11 12 | 12.2
Transmutations | 3 4 5 6 7 8 |  8.5
Dodging        | 2 3 5 6 7 |  7.1
Poison Magic   | 1 2 3 |  3.0
Fighting       | 2 3 4 5 7 8 |  8.4
Spellcasting   | 3 4 |  4.0
Invocations    | 3 |  3.3

Action                   |  1- 3 |  4- 6 |  7- 9 | 10-12 || total
-------------------------+-------+-------+-------+-------++-------
Melee: Unarmed           |    66 |    76 |   208 |   236 ||   586
       Kick              |     7 |    13 |    28 |    39 ||    87
       Headbutt          |     5 |     4 |    10 |    28 ||    47
       Tailslap          |     4 |     6 |    13 |    27 ||    50
       Punch             |     1 |       |     8 |     8 ||    17
 Cast: Beastly Appendage |    22 |    15 |    28 |    30 ||    95
       Wereblood         |     1 |    11 |    22 |    22 ||    56
       Spider Form       |       |     3 |     6 |     2 ||    11
 Abil: Breathe Fire      |       |       |    27 |    22 ||    49
Evoke: Wand              |       |       |       |     1 ||     1
  Use: Scroll            |       |    10 |       |     8 ||    18
       Potion            |       |       |       |     6 ||     6
 Stab: Sleeping          |       |     1 |       |       ||     1
Armor: Skin              |    11 |     9 |    47 |    90 ||   157
Dodge: Dodged            |    26 |    37 |    98 |   206 ||   367

Table legend: (Time is in decaauts)
 A = Elapsed time spent in this place.
 B = Non-inter-level travel time spent in this place.
 C = Inter-level travel time spent in this place.
 D = Time resting spent in this place.
 E = Time spent auto-exploring this place.
 F = Levels seen in this place.
 G = Mean time per level.
                   A        B        C        D        E       F      G
               +--------+--------+--------+--------+--------+-----+--------+
         Total |  12124 |  11825 |    299 |   1360 |   8296 |  13 |  932.6 |
       Dungeon |  12071 |  11772 |    299 |   1360 |   8296 |  12 | 1005.9 |
      Ice Cave |     52 |     52 |      0 |      0 |      0 |   1 |   52.0 |
               +--------+--------+--------+--------+--------+-----+--------+

Top non-repeatable levels by time:
     D:5: 1677 daAuts
     D:7: 1434 daAuts
     D:6: 1370 daAuts
     D:4: 1303 daAuts
     D:8: 1126 daAuts
     D:9: 1115 daAuts
     D:2: 1090 daAuts
     D:1: 968 daAuts
    D:10: 868 daAuts
     D:3: 716 daAuts
    D:11: 345 daAuts
    D:12: 55 daAuts
   IceCv: 52 daAuts
